AoeStats
← tbzachary

Arena

510011945Analyzed
2v2 RM · 5d ago on Sep 29, 2026· 44m 36s· 4 players
Game mode
Random Map
Map size
Medium (4 player)
Population
200
Speed
Normal
Resources
Standard
Victory
Conquest
Starting age
Dark Age
Ending age
Imperial Age
RankedLock teamsTeams togetherTeam positionsShared explorationLock speedFull tech treeHidden civsTurbo modeCheats
Victory
Defeat
🇵🇪 Celts · Peru
935
+10
🇺🇸 Khmer · United States
824
+14
🇺🇸 Magyars · United States
798
-12
🇨🇳 Mongols · China
779
-12
Twelfth
11:38 Feudal Age
13:11 Horse Collar
13:17 Double-Bit Axe
17:25 Castle Age
15:39 Gold Mining
18:03 Stone Mining
19:05 Bow Saw
19:18 Scale Barding Armor
20:44 Fervor
21:53 Bloodlines
21:44 Husbandry
23:39 Heavy Plow
25:36 Gold Shaft Mining
27:33 Sanctity
27:16 Town Watch
30:15 Imperial Age
27:36 Town Watch
28:22 Thumb Ring
29:42 Wheelbarrow
29:08 Town Patrol
31:07 Chain Barding Armor
30:38 Fletching
31:10 Chain Barding Armor
30:51 Padded Archer Armor
30:25 Elite Magyar Huszar
32:32 Hand Cart
33:09 Parthian Tactics
34:37 Corvinian Army
36:47 Two-Man Saw
36:59 Plate Barding Armor
36:19 Bodkin Arrow
36:40 Leather Archer Armor
36:30 Heavy Scorpion
Kita
12:44 Feudal Age
12:34 Loom
13:39 Horse Collar
13:47 Double-Bit Axe
17:17 Castle Age
15:39 Gold Mining
15:40 Stone Mining
18:02 Heavy Plow
18:22 Bow Saw
21:36 Gold Shaft Mining
22:19 Wheelbarrow
22:31 Stone Shaft Mining
25:56 Town Watch
26:14 Pikeman
31:11 Imperial Age
28:53 Squires
29:25 Arson
33:00 Hand Cart
33:12 Forging
33:29 Caravan
33:30 Onager
34:54 Scale Mail Armor
36:15 Siege Onager
37:55 Conscription
39:02 Iron Casting
38:43 Chain Mail Armor
40:01 Drill
tbzachary
5:15 Loom
10:10 Feudal Age
10:37 Double-Bit Axe
11:08 Horse Collar
17:11 Castle Age
16:45 Bloodlines
17:27 Forging
17:23 Scale Barding Armor
17:34 Stone Mining
21:46 Bow Saw
21:47 Heavy Plow
22:33 Husbandry
23:14 Iron Casting
29:17 Wheelbarrow
29:21 Chain Barding Armor
30:28 Tusk Swords
35:20 Imperial Age
33:10 Hand Cart
33:00 Gold Mining
33:46 Stone Shaft Mining
34:41 Caravan
36:32 Double Crossbow
38:36 Chemistry
37:58 Ballistics
37:58 Heavy Scorpion
38:39 Light Cavalry
40:02 Plate Barding Armor
40:07 Hussar
40:13 Hussar
40:56 Elite Battle Elephant
41:04 Elite Battle Elephant
PENETRON
0:27 Loom
10:19 Feudal Age
10:53 Double-Bit Axe
12:23 Gold Mining
14:23 Horse Collar
18:25 Castle Age
17:43 Stone Mining
18:54 Forging
18:44 Scale Mail Armor
19:12 Heavy Plow
19:24 Bow Saw
21:07 Iron Casting
21:40 Man-at-Arms
22:05 Gambesons
22:06 Arson
23:22 Long Swordsman
24:09 Pikeman
25:42 Wheelbarrow
33:49 Imperial Age
32:47 Chain Mail Armor
34:03 Halberdier
35:22 Conscription
34:31 Capped Ram
36:22 Hand Cart
35:48 Heavy Scorpion
37:38 Siege Ram
39:44 Chemistry
39:04 Ballistics
Connection lost

Rejoining the realm…

Still unreachable

The connection could not be restored.

Session expired

The server has moved on; the page needs a fresh start.